 Dungeon Crawl Stone Soup version 0.29.1-2-gbd0b4ee654 (webtiles) character file.

Game seed: 6041938723981378020

3787 cdecastro the Grappler (level 9, -9/64 HPs)
             Began as a Pale Draconian Transmuter on Nov 12, 2022.
             Was a Believer of Makhleb.
             Mangled by a troll (14 damage)
             ... on level 9 of the Dungeon.
             The game lasted 00:25:03 (9340 turns).

cdecastro the Grappler (Pale Draconian Transmuter)  Turns: 9340, Time: 00:25:03

Health: -9/64      AC:  2    Str: 13    XL:     9   Next: 95%
Magic:  20/21      EV: 34    Int: 18    God:    Makhleb [**....]
Gold:   432        SH:  0    Dex: 16    Spells: 4/12 levels left

rFire   . . .      SeeInvis .     - Unarmed
rCold   . . .      Faith    .   (shield currently unavailable)
rNeg    . . .      Spirit   .   (body armour unavailable)
rPois   x          Reflect  .   (helmet currently unavailable)
rElec   .          Harm     .   (cloak currently unavailable)
rCorr   .          Rampage  .   (gloves currently unavailable)
Will    +....                   (boots currently unavailable)
Stlth   +.........              g - amulet of the acrobat
HPRegen 0.20/turn               F - ring of magical power
MPRegen 0.17/turn               I - ring of willpower

@: spider-form (expiring), acrobatic
A: venomous fangs, (breathe steam), AC +7, tiny, unfitting armour,
(cold-blooded), (steam resistance)
a: End Transformation, Renounce Religion, Minor Destruction


You were on level 9 of the Dungeon.
You worshipped Makhleb.
Makhleb was pleased with you.
You were a venomous arachnid creature.
You visited 2 branches of the dungeon, and saw 10 of its levels.
You also visited: Sewer.

You collected 432 gold pieces.

Inventory:

Missiles
 c - 11 boomerangs
 h - 6 datura-tipped darts
 H - 11 poisoned darts
 M - a throwing net
 N - a curare-tipped dart
Armour
 A - a +0 buckler
Magical Staves
 i - a staff of poison
Jewellery
 g - an amulet of the acrobat (around neck)
 m - an amulet of faith
 F - a ring of magical power (left front leg)
 I - a ring of willpower (right front leg)
Wands
 w - a wand of charming (13)
 y - a wand of flame (8)
 D - a wand of digging (4)
 E - a wand of roots (21)
 J - a wand of quicksilver (3)
Scrolls
 f - 8 scrolls of identify {unknown}
 k - 2 scrolls of silence {unknown}
 l - a scroll of fear {unknown}
 q - a scroll of magic mapping {unknown}
 r - a scroll of summoning {unknown}
 t - 8 scrolls of teleportation {unknown}
 x - a scroll of poison {unknown}
 z - a scroll of noise {unknown}
 B - a scroll of immolation {unknown}
 C - 2 scrolls of enchant armour {unknown}
 G - a scroll of vulnerability {unknown}
 K - 5 scrolls of butterflies {unknown}
 L - a scroll of amnesia {unknown}
 O - a scroll of enchant weapon {unknown}
Potions
 a - a potion of lignification
 b - 8 potions of curing {unknown}
 d - 5 potions of heal wounds {unknown}
 e - a potion of mutation {unknown}
 j - 2 potions of might {unknown}
 n - 4 potions of flight {unknown}
 o - 2 potions of haste {unknown}
 p - a potion of resistance {unknown}
 s - 3 potions of attraction {unknown}
 u - a potion of magic {unknown}
 v - 4 potions of brilliance {unknown}


   Skills:
 - Level 1.1 Fighting
 - Level 1.7 Dodging
 * Level 12.0 Unarmed Combat
 - Level 2.0 Spellcasting
 + Level 8.5 Transmutations


You had 4 spell levels left.
You knew the following spells:

 Your Spells              Type           Power      Damage    Failure   Level
a - Beastly Appendage     Tmut           64%        N/A       3%          1
b - Wereblood             Tmut           32%        N/A       4%          2
c - Spider Form           Tmut/Pois      17%        N/A       24%         3
d - Passwall              Tmut/Erth      14%        N/A       14%         2

Your spell library contained the following spells:

 Spells                   Type           Power      Damage    Failure   Level
 Apportation              Tloc           2%         N/A       38%         1
 Freeze                   Ice            4%         1d3       38%         1
 Ensorcelled Hibernation  Hex/Ice        2%         N/A       47%         2
 Poisonous Vapours        Pois/Air       2%         N/A       47%         2
 Ice Form                 Ice/Tmut       17%        N/A       52%         4
 Frozen Ramparts          Ice            2%         1d1       69%         3
 Gell's Gravitas          Tloc           1%         N/A       69%         3
 Lesser Beckoning         Tloc           1%         N/A       69%         3
 Portal Projectile        Hex/Tloc       2%         N/A       69%         3
 Stone Arrow              Conj/Erth      2%         3d7       69%         3
 Swiftness                Air            1%         N/A       69%         3
 Teleport Other           Tloc           1%         N/A       69%         3
 Tukima's Dance           Hex            1%         N/A       69%         3
 Corpse Rot               Necr/Pois/Air  1%         N/A       96%         4
 Hailstorm                Conj/Ice       1%         3d3       96%         4
 Blade Hands              Tmut           16%        N/A       34%         5
 Alistair's Intoxication  Tmut/Pois      11%        N/A       83%         5
 Lehudib's Crystal Spear  Conj/Erth      0%         10d2      100%        8
 Animate Armour           Summ/Erth      Unusable   N/A       N/A         4

Dungeon Overview and Level Annotations

Branches:
Dungeon (9/15)             Temple (1/1) D:5           Sewer (visited)
   Lair: D:8-11         Orc: D:9-12

Altars:
Ashenzari
Cheibriados
Dithmenos
Elyvilon
Fedhas
Gozag
Hepliaklqana
Kikubaaqudgha
Makhleb
Nemelex Xobeh
Okawaru
Qazlal
Ru
Sif Muna
Uskayaw
Vehumet
Wu Jian
Xom
Yredelemnul
Zin
The Shining One

Shops:
D:5 [

Annotations:
D:3 1 runed translucent door, Crazy Yiuf
D:4 Sigmund
D:8 Joseph


Innate Abilities, Weirdness & Mutations

You are a venomous arachnid creature.
You have poisonous fangs.
You are tiny and dextrous.
Your spellcasting is less reliable in this form.
Your armour is entirely melded.
You are incapable of wielding weapons or throwing items.
((You can breathe blasts of scalding, opaque steam.))
((Your pale cyan-grey scales are hard. (AC +7)))
You cannot fit into any form of body armour.
((You are cold-blooded and may be slowed by cold attacks.))
((You are immune to the effects of steam.))


Message History

You exhale a blast of scalding steam.
The ball of steam hits the troll!
The troll is lightly wounded.
The troll is engulfed in a cloud of scalding steam.
Casting: Spider Form (dangerous; 10% risk of failure)
Confirm with . or Enter, or press ? or * to list all spells.
You turn into a venomous arachnid creature.
You are engulfed in a cloud of scalding steam.
The troll is engulfed in a cloud of scalding steam.
The troll barely misses you. The troll claws you! The troll claws you.
Unknown command.
You hit the troll but do no damage.
The troll is heavily wounded.
You are engulfed in a cloud of scalding steam.
The troll barely misses you. The troll claws you. The troll claws you!
* * * LOW HITPOINT WARNING * * *
You hit the troll.
The troll is heavily wounded.
You are engulfed in a cloud of scalding steam.
* * * LOW HITPOINT WARNING * * *
The troll completely misses you. The troll barely misses you.
The troll claws you.
* * * LOW HITPOINT WARNING * * *
Unknown command.
You open the door.
You have got your breath back.
There is an open door here.
Okay, then.
Okay, then.
Unknown command.
The troll attacks as you move away! The troll completely misses you. x3
Your transformation is almost over.
Okay, then.
Unknown command.
The troll attacks as you move away! The troll completely misses you.
The troll claws you!
* * * LOW HITPOINT WARNING * * *
The troll completely misses you. The troll attacks as you move away!
The troll closely misses you. The troll claws you!
You die...

##.....................§.†.....
#'.....#################'#####.
##..................#........#.
#..................#........#.
#..................'........#.
#..................#........#.
#######....[.#.....#........#.
#.....T################.
#......s............. ..
#.......................
#.......................
#....................
#.#######'###....#######
...#....#....#........... ..
#....#....#...........
#....#....#...........
#....#....#...........


You could see a troll.

Vanquished Creatures
  A hornet (D:7)
  Grum (D:8)
  A steam dragon (D:8)
  Eustachio (D:6)
  2 orc warriors
  3 sky beasts
  4 black bears
  2 ogres
  4 centaurs
  2 wolves (D:8)
  2 phantoms
  2 kobold brigands (D:8)
  A necrophage (D:6)
  A scorpion (D:5)
  8 wights
  5 killer bees (D:9)
  2 howler monkeys
  An orc priest (D:7)
  2 hounds
  A jelly (D:6)
  Ijyb (D:5)
  3 iguanas
  A hell rat (D:8)
  5 orc wizards
  6 adders
  4 river rats
  2 white imps
  3 worms
  2 dart slugs
  22 orcs
  10 ball pythons
  2 endoplasms
  2 giant cockroaches
  4 goblins
  6 hobgoblins
  4 jackals (D:3)
  8 kobolds
  4 quokkas
  5 bats
  4 frilled lizards
  16 rats
160 creatures vanquished.

Notes
Turn   | Place    | Note
-------+----------+-------------------------------------------
     0 | D:1      | cdecastro the Draconian Transmuter began the quest for the
                  | Orb.
     0 | D:1      | Reached XP level 1. HP: 16/16 MP: 3/3
   800 | D:2      | Reached XP level 2. HP: 18/23 MP: 3/5
  1366 | D:2      | Reached XP level 3. HP: 28/28 MP: 3/6
  1937 | D:3      | Reached skill level 4 in Unarmed Combat
  1987 | D:3      | Noticed a centaur
  2000 | D:3      | Killed a centaur
  2001 | D:3      | Reached XP level 4. HP: 35/35 MP: 7/7
  2076 | D:3      | Found a glowing drain.
  2110 | Sewer    | Entered a sewer
  2114 | Sewer    | Learned a level 2 spell: Wereblood
  2118 | Sewer    | Learned a level 3 spell: Spider Form
  2149 | Sewer    | Reached skill level 5 in Unarmed Combat
  2149 | Sewer    | Reached XP level 5. HP: 39/40 MP: 6/8
  2246 | Sewer    | Identified the +0 leather armour "Tymo Fum" {rPois}
  2975 | D:3      | Found a faded altar of an unknown god.
  2975 | D:3      | Noticed a phantom
  2990 | D:3      | Killed a phantom
  2991 | D:3      | Reached XP level 6. HP: 39/47 MP: 7/9
  3285 | D:3      | Found a runed translucent door.
  3286 | D:3      | Noticed Crazy Yiuf
  3525 | D:4      | Reached skill level 6 in Unarmed Combat
  3998 | D:4      | Found a stormy altar of Qazlal.
  4347 | D:4      | Noticed Sigmund
  4404 | D:5      | Entered Level 5 of the Dungeon
  4423 | D:5      | Found a staircase to the Ecumenical Temple.
  4439 | D:5      | Your scales start taking on a pale cyan-grey colour.
  4439 | D:5      | Reached XP level 7. HP: 39/52 MP: 0/10
  4439 | D:5      | Gained mutation: You are immune to the effects of steam.
                  | [Pale Draconian growth]
  4440 | Temple   | Entered the Ecumenical Temple
  4628 | Temple   | Became a worshipper of Makhleb the Destroyer
  4914 | D:5      | Noticed Ijyb
  4939 | D:5      | Killed Ijyb
  5038 | D:5      | Reached skill level 7 in Unarmed Combat
  5193 | D:5      | Found Gilah's Armour Shoppe.
  5202 | D:5      | Reached skill level 5 in Transmutations
  5473 | D:6      | Noticed Eustachio
  5496 | D:6      | Killed Eustachio
  5497 | D:6      | Reached skill level 8 in Unarmed Combat
  5497 | D:6      | Reached XP level 8. HP: 43/59 MP: 8/11
  5736 | D:6      | Found a shimmering blue altar of Sif Muna.
  5761 | D:6      | Learned a level 2 spell: Passwall
  6034 | D:6      | Reached skill level 9 in Unarmed Combat
  6443 | D:7      | Noticed a hornet
  6453 | D:7      | Killed a hornet
  6559 | D:7      | Reached skill level 10 in Unarmed Combat
  6793 | D:7      | Reached * piety under Makhleb
  6843 | D:7      | Reached XP level 9. HP: 63/64 MP: 12/12
  7721 | D:8      | Found a hazy altar of Hepliaklqana.
  8099 | D:8      | Noticed a death yak
  8117 | D:8      | Noticed a death yak
  8276 | D:8      | Reached skill level 11 in Unarmed Combat
  8511 | D:8      | Noticed Grum
  8520 | D:8      | Killed Grum
  8523 | D:8      | Reached ** piety under Makhleb
  8755 | D:8      | Noticed Joseph
  8979 | D:9      | Reached skill level 12 in Unarmed Combat
  9306 | D:9      | Noticed a troll
  9340 | D:9      | Mangled by a troll

Illustrated notes

Levels and vault maps discovered:
D:1:      amcnicky_arrival_choice, layout_loops_ring, chequers_arboretum
D:2:      layout_basic
D:3:      layout_loops_ring, cheibrodos_sewer_entry_bend,
          hellmonk_ecumenical_altar_run_dry, minmay_fractal_squares_5,
          uniq_crazy_yiuf_cottage
D:4:      layout_basic, kennysheep_mini, serial_bayou_pond_e,
          dreamdust_princess_corridor, uniq_sigmund
D:5:      layout_gridville, minmay_temple_entry_glass, serial_shops,
          nicolae_stop_n_shop_1, nrook_uturn, patterned_corridor, uniq_ijyb
D:6:      layout_gridville, lemuel_doored_altar, hangedman_decor_opposing,
          kennysheep_dice, uniq_eustachio
D:7:      layout_layer_cave
D:8:      layout_rooms, mainiacjoe_overflow_catwalk, trog_butcher_becter,
          dpeg_lair_monsters, serial_curves, eino_curves_03, eino_curves_03,
          kennysheep_donut, uniq_joseph, uniq_grum
D:9:      minmay_gate_of_8, layout_grid_maze, minmay_orc_entry_guard_dogs
Temple:   compressed_dpeg_circular_temple

Skill      XL: |  1  2  3  4  5  6  7  8  9 |
---------------+----------------------------+-----
Unarmed Combat | 4 5 6 8 10 12 | 12.0
Transmutations | 3 4 5 7 8 |  8.5
Fighting       | |  1.1
Dodging        | |  1.7
Spellcasting   | |  2.0

Action                   |  1- 3 |  4- 6 |  7- 9 || total
-------------------------+-------+-------+-------++-------
Melee: Unarmed           |    82 |   155 |   202 ||   439
       Tailslap          |     9 |    16 |    14 ||    39
       Kick              |     9 |    23 |     1 ||    33
       Headbutt          |     6 |    14 |       ||    20
       Punch             |       |     2 |     9 ||    11
 Cast: Beastly Appendage |    12 |    11 |     1 ||    24
       Wereblood         |       |     3 |       ||     3
       Spider Form       |       |     2 |    17 ||    19
 Abil: Breathe Steam     |       |       |    37 ||    37
  Use: Potion            |     1 |       |     1 ||     2
Armor: Skin              |    51 |    39 |    66 ||   156
Dodge: Dodged            |    72 |    87 |   156 ||   315
